 Dungeon Crawl Stone Soup version 0.31-a0-1074-g0b22e4e0f1 (webtiles) character file.

Game seed: 8209405450238603835

6351 Lobster4 the Thaumaturge (level 10, -1/54 HPs)
             Began as a Deep Elf Fire Elementalist on Dec 7, 2023.
             Was a Believer of Nemelex Xobeh.
             Slain by a two-headed ogre
             ... wielding a +0 giant club
              (17 damage)
             ... on level 10 of the Dungeon.
             The game lasted 00:28:23 (11166 turns).

Lobster4 the Thaumaturge (DEFE)                    Turns: 11166, Time: 00:28:23

Health: -1/54      AC:  8    Str:  7    XL:     10   Next: 65%
Magic:  13/25      EV: 13    Int: 23    God:    Nemelex Xobeh [**....]
Gold:   81         SH:  0    Dex: 15    Spells: 15/28 levels left

rFire   + + +        E - staff of fire
rCold   . . .        (no shield)
rNeg    . . .        g - +0 troll leather armour
rPois   .            n - +0 helmet
rElec   .            (no cloak)
rCorr   .            (no gloves)
SInv    .            I - +2 pair of boots
Will    +....        M - amulet of magic regeneration
Stlth   ++           t - ring of protection from fire
HPRegen 1.09/turn    w - ring of protection from fire
MPRegen 0.59/turn

%: no passive effects
@: no status effects
A: no striking features
a: Renounce Religion, Draw Escape, Draw Destruction, Draw Summoning


You were on level 10 of the Dungeon.
You worshipped Nemelex Xobeh.
Nemelex Xobeh was pleased with you.
You visited 2 branches of the dungeon, and saw 11 of its levels.

You collected 424 gold pieces.
You spent 343 gold pieces at shops.

Inventory:

Hand Weapons
 h - a +0 short sword
 i - a +3 dagger
 s - a +2 dagger of venom
 B - a +0 longbow
 C - a +0 sling
 F - a +0 shortbow
Missiles
 A - 14 poisoned darts
 T - 3 boomerangs
 U - 2 curare-tipped darts
Armour
 a - a +0 robe
 g - a +0 troll leather armour (worn)
 n - a +0 helmet (worn)
 u - a +2 ring mail of fire resistance
 I - a +2 pair of boots (worn)
 N - +0 acid dragon scales
Magical Staves
 E - a staff of fire (weapon)
Jewellery
 t - a ring of protection from fire (left hand)
 v - a ring of ice
 w - a ring of protection from fire (right hand)
 M - an amulet of magic regeneration (around neck)
 X - a +6 ring of intelligence
 Y - a ring of protection from fire
Wands
 K - a wand of iceblast (7)
 S - a wand of charming (5)
 V - a wand of digging (1)
Scrolls
 d - 4 scrolls of fog
 e - 2 scrolls of poison {unknown}
 j - a scroll of butterflies {unknown}
 o - 2 scrolls of blinking
 p - 5 scrolls of teleportation
 q - 2 scrolls of vulnerability {unknown}
 r - 2 scrolls of fear {unknown}
 y - 2 scrolls of enchant weapon {unknown}
 z - a scroll of immolation
 G - 2 scrolls of revelation {unknown}
 H - 3 scrolls of identify
 L - a scroll of brand weapon
 P - a scroll of silence {unknown}
 Q - a scroll of amnesia {unknown}
 W - a scroll of acquirement {unknown}
Potions
 b - a potion of magic
 c - 4 potions of enlightenment
 f - a potion of brilliance
 k - 2 potions of berserk rage
 l - 2 potions of curing
 m - 2 potions of heal wounds
 x - 2 potions of attraction
 D - a potion of mutation
 J - a potion of resistance
 O - a potion of haste {unknown}
 R - a potion of might {unknown}


   Skills:
 + Level 2.4 Fighting
 - Level 1.0 Short Blades
 + Level 4.0 Ranged Weapons
 - Level 5.0 Armour
 + Level 5.4 Dodging
 - Level 3.0 Stealth
 + Level 9.6 Spellcasting
 + Level 7.6 Conjurations
 - Level 3.0 Hexes
 - Level 3.0 Translocations
 + Level 8.2 Fire Magic
 - Level 5.0 Invocations
 + Level 1.5 Evocations


You had 15 spell levels left.
You knew the following spells:

 Your Spells              Type           Power      Damage    Failure   Level
a - Foxfire               Conj/Fire      100%       2x1d9     1%          1
b - Scorch                Fire           100%       2d9       1%          2
c - Volatile Blastmotes   Fire/Tloc      100%       2d18      2%          3
d - Flame Wave            Conj/Fire      63%        2d15      3%          4
i - Inner Flame           Hex/Fire       53%        N/A       2%          3

Your spell library contained the following spells:

 Spells                   Type           Power      Damage    Failure   Level
 Fireball                 Conj/Fire      31%        3d13      9%          5
 Cause Fear               Hex            12%        N/A       24%         4
 Dragon's Call            Summ           5%         N/A       100%        9


Dungeon Overview and Level Annotations

Branches:
Dungeon (10/15)            Temple (1/1) D:5
   Lair: D:8-11         Orc: D:9-12

Altars:
Ashenzari
Cheibriados
Dithmenos
Elyvilon
Fedhas
Gozag
Kikubaaqudgha
Makhleb
Nemelex Xobeh
Okawaru
Qazlal
Ru
Sif Muna
Trog
Uskayaw
Vehumet
Wu Jian
Xom
Yredelemnul
Zin
The Shining One

Shops:
D:1 ?   D:2 *   D:4 :   D:8 **   D:9 *

Annotations:
D:3 1 runed translucent door, Crazy Yiuf
D:5 1 exclusion


Message History

You feel a surge of power!
A cloud of volatile blastmotes flares up around you!
Unknown command.
The cloud of blastmotes explodes!
The concussive blast engulfs the two-headed ogre!!
The two-headed ogre is moderately wounded.
The cloud of blastmotes explodes!
The concussive blast engulfs the two-headed ogre.
The two-headed ogre is heavily wounded.
Casting: Volatile Blastmotes (dangerous; 2% risk of failure)
Confirm with . or Enter, or press ? or * to list all spells.
You feel a surge of power!
Flames lash the two-headed ogre.
The two-headed ogre is heavily wounded.
The two-headed ogre's fire resistance burns away.
Unknown command.
Casting: Scorch (safe; 1% risk of failure)
Confirm with . or Enter, or press ? or * to list all spells.
You feel a surge of power!
Flames lash the two-headed ogre.
The two-headed ogre is burned terribly!
The two-headed ogre is severely wounded.
The two-headed ogre hits you with a +0 giant club!
The two-headed ogre hits you but does no damage.
Unknown command.
Casting: Scorch (safe; 1% risk of failure)
Confirm with . or Enter, or press ? or * to list all spells.
You feel a surge of power!
Flames lash the two-headed ogre.
The two-headed ogre is burned terribly!
The two-headed ogre is almost dead.
Unknown command.
Casting: Scorch (safe; 1% risk of failure)
Confirm with . or Enter, or press ? or * to list all spells.
You feel a surge of power!
Flames lash the two-headed ogre.
The two-headed ogre is burned terribly!
The two-headed ogre is almost dead.
The two-headed ogre hits you with a +0 giant club!!
Ouch! That really hurt!
* * * LOW HITPOINT WARNING * * *
The two-headed ogre hits you with a +0 giant club!
You die...
Your body glows with a rainbow of weird colours and disappears.

.......(...##
##.## #.###
#?#########.##
##.####.#.. #. #.#
........#.# #. #.#
##........# # #.
#.# ######.#.#
#)#. #.# #.#.#
####.#. #.# #.#.#
.......#########.#
#.#..
#.........†....O@#
#.###
#.......##########
#.# #.......#
###.### #........
#.....# #......O#O
#.....#
#.......#.# #.
#...... #........
. #.# #O....#
#.###.### ## #.#
#<....# #. #. #>#
#######


You could see a two-headed ogre (combustible).

Vanquished Creatures
  A two-headed ogre (D:10)
  Pikel (D:7)
  4 trolls
  A shadow (D:9)
  A steam dragon (D:6)
  2 acid dragons
  3 water moccasins
  2 orc warriors
  2 sky beasts
  A black bear (D:6)
  An ogre (D:5)
  6 centaurs
  2 phantoms (D:6)
  A lemure (D:7)
  4 kobold brigands
  A bullfrog (D:9)
  3 gnoll sergeants
  A scorpion (D:5)
  6 wights
  14 killer bees
  A howler monkey (D:5)
  A hound (D:7)
  2 jellies
  7 orc priests
  A gnoll bouda (D:9)
  A sleepcap (D:5)
  2 iguanas
  Natasha (thrice) (D:3)
  3 orc wizards
  6 adders
  18 gnolls
  2 shadow imps
  2 white imps
  2 ufetubi (D:6)
  A worm (D:3)
  5 dart slugs
  30 orcs
  6 ball pythons
  7 endoplasms
  A giant cockroach (D:1)
  6 goblins
  4 hobgoblins
  4 jackals (D:1)
  5 quokkas
  4 bats
  6 frilled lizards
  16 kobolds
  3 rats
206 creatures vanquished.

Vanquished Creatures (others)
  809 foxfires
809 creatures vanquished.

Grand Total: 1015 creatures vanquished

Notes
Turn   | Place    | Note
-------+----------+-------------------------------------------
     0 | D:1      | Lobster4 the Deep Elf Fire Elementalist began the quest for
                  | the Orb.
     0 | D:1      | Reached XP level 1. HP: 10/10 MP: 6/6
   205 | D:1      | Reached XP level 2. HP: 15/15 MP: 5/8
   222 | D:1      | Learned a level 2 spell: Scorch
   578 | D:1      | Found Fuoleoc's Magic Scroll Shoppe.
   618 | D:1      | Bought a scroll of identify for 22 gold pieces
   693 | D:1      | Reached XP level 3. HP: 20/20 MP: 5/9
   881 | D:2      | Reached skill level 1 in Fighting
   963 | D:2      | Found Wutess's General Store.
  1170 | D:2      | Reached skill level 1 in Armour
  1176 | D:2      | Reached XP level 4. HP: 25/25 MP: 0/11
  1340 | D:2      | Reached skill level 1 in Short Blades
  1495 | D:2      | Found a faded altar of an unknown god.
  1696 | D:3      | Noticed Natasha
  1702 | D:3      | Killed Natasha
  2006 | D:3      | Noticed Natasha
  2014 | D:3      | Killed Natasha
  2015 | D:3      | Reached skill level 4 in Spellcasting
  2015 | D:3      | Reached XP level 5. HP: 29/29 MP: 4/13
  2191 | D:3      | Noticed Natasha
  2194 | D:3      | Killed Natasha
  2403 | D:3      | Found a runed translucent door.
  2404 | D:3      | Noticed Crazy Yiuf
  2582 | D:3      | Found a glowing golden altar of the Shining One.
  3147 | D:4      | Found Eson's Self-Published Books.
  3326 | D:4      | Found a bloodstained altar of Trog.
  3633 | D:4      | Reached XP level 6. HP: 18/34 MP: 3/15
  4170 | D:4      | Learned a level 4 spell: Flame Wave
  4195 | D:4      | Noticed a +3 dagger
  4408 | D:4      | Found a hide-covered altar of Uskayaw.
  4408 | D:4      | Noticed a +0 hand axe
  4513 | D:5      | Entered Level 5 of the Dungeon
  4682 | D:5      | Reached skill level 5 in Spellcasting
  4848 | D:5      | Reached skill level 5 in Fire Magic
  4848 | D:5      | Reached XP level 7. HP: 38/38 MP: 9/17
  4955 | D:5      | Found a shimmering altar of Xom.
  5271 | D:5      | Found an opulent altar of Gozag.
  5352 | D:5      | Reached skill level 6 in Spellcasting
  5640 | D:5      | Found a glowing silver altar of Zin.
  5742 | D:5      | Found a staircase to the Ecumenical Temple.
  5751 | Temple   | Entered the Ecumenical Temple
  5756 | Temple   | Became a worshipper of Nemelex Xobeh the Trickster
  5804 | D:6      | Reached XP level 8. HP: 43/43 MP: 14/19
  5808 | D:6      | Learned a level 3 spell: Inner Flame
  5834 | D:6      | Noticed a troll
  5941 | D:1      | Bought a scroll of blinking for 82 gold pieces
  5941 | D:1      | Bought a scroll of teleportation for 33 gold pieces
  5941 | D:1      | Bought a scroll of noise for 11 gold pieces
  6063 | D:6      | Reached skill level 5 in Conjurations
  6063 | D:6      | Reached skill level 1 in Invocations
  6070 | D:6      | Reached skill level 1 in Hexes
  6239 | D:6      | Killed a troll
  6240 | D:6      | Reached skill level 7 in Spellcasting
  6920 | D:7      | Reached * piety under Nemelex Xobeh
  6922 | D:7      | Found an ornate altar of the Wu Jian Council.
  6999 | D:7      | Reached XP level 9. HP: 48/48 MP: 8/22
  7146 | D:7      | Noticed Pikel
  7153 | D:7      | Killed Pikel
  7154 | D:7      | Reached skill level 8 in Spellcasting
  7421 | D:7      | Received a gift from Nemelex Xobeh
  7717 | D:7      | Learned a level 3 spell: Volatile Blastmotes
  7861 | D:8      | Found a stormy altar of Qazlal.
  7893 | D:8      | Found Zisiqan's General Store.
  8194 | D:8      | Reached skill level 1 in Translocations
  8452 | D:1      | Bought a scroll of fog for 44 gold pieces
  8687 | D:8      | Reached skill level 5 in Dodging
  8806 | D:8      | Found Sallud's Specific Store.
  9286 | D:9      | Reached skill level 1 in Ranged Weapons
  9460 | D:9      | Reached ** piety under Nemelex Xobeh
  9505 | D:9      | Reached XP level 10. HP: 53/53 MP: 14/24
  9722 | D:9      | Reached skill level 9 in Spellcasting
  9759 | D:9      | Found Nidig Tua's Island Escapes.
  9972 | D:9      | Reached skill level 5 in Invocations
 10036 | D:9      | Noticed a two-headed ogre
 10342 | D:9      | Bought a scroll of blinking for 97 gold pieces
 10342 | D:9      | Bought a wand of digging (1) for 54 gold pieces
 10522 | D:10     | Entered Level 10 of the Dungeon
 10522 | D:10     | Noticed a two-headed ogre
 10542 | D:10     | Received a gift from Nemelex Xobeh
 10837 | D:10     | Killed a two-headed ogre
 10838 | D:10     | Reached skill level 1 in Evocations
 10975 | D:10     | Reached skill level 5 in Armour
 11166 | D:10     | Slain by a two-headed ogre

Illustrated notes

Levels and vault maps discovered:
D:1:      minmay_arrival_widening_spiral_wide, layout_rooms, serial_shops,
          nicolae_diamond_shop
D:2:      layout_rooms, serial_shops, shop,
          dreamdust_ecumenical_altar_hidden_monk_grotto, hangedman_decor_lopped
D:3:      layout_loops_ring, nicolae_overflow_hidden_temple,
          kennysheep_generic_room_3, uniq_natasha, uniq_crazy_yiuf_cottage
D:4:      layout_layer_cave, trog_butcher_becter, dancing_weapons_uskayaw,
          serial_bayou_pond_e, skrybe_limestone_x, columned_hall_lemuel,
          nicolae_custom_books
D:5:      layout_loops_ring, zin_treasury, mainiacjoe_overflow_catch_the_wave,
          minmay_temple_entry_poolview
D:6:      layout_rooms, nicolae_the_louvre
D:7:      layout_cave_pools, mainiacjoe_overflow_small_starburst,
          minmay_crystal_room, uniq_pikel
D:8:      layout_rooms, pf_just_have_faith, minmay_misc_feat_tower,
          nicolae_specific_store
D:9:      layout_stronghold, minmay_misc_feat_nine_boxes, corexii_checkpoint,
          grunt_ministairs_9, serial_library_hellmonk_junction, minmay_holes,
          chequers_serial_rivers_large_a, nicolae_island_escapes
D:10:     layout_loops_ring, kennysheep_little_box, kennysheep_generic_room_11
Temple:   nicolae_temple_ecumenical_triangle

Skill      XL: |  1  2  3  4  5  6  7  8  9 10 |
---------------+-------------------------------+-----
Fighting       | 1 2 |  2.4
Armour         | 1 2 3 4 5 |  5.0
Short Blades   | 1 |  1.0
Stealth        | 3 |  3.0
Dodging        | 3 5 |  5.4
Conjurations   | 2 3 4 5 6 7 |  7.6
Spellcasting   | 4 5 6 7 8 9 |  9.6
Fire Magic     | 4 5 6 7 8 |  8.2
Invocations    | 3 4 5 |  5.0
Hexes          | 3 |  3.0
Translocations | 2 3 |  3.0
Ranged Weapons | 1 4 |  4.0
Evocations     | 1 |  1.5

Action                     |  1- 3 |  4- 6 |  7- 9 | 10-12 || total
---------------------------+-------+-------+-------+-------++-------
  Melee: Dagger            |    12 |       |       |       ||    12
   Cast: Foxfire           |    73 |   127 |   223 |    65 ||   488
         Scorch            |       |    21 |    58 |    51 ||   130
         Inner Flame       |       |       |     1 |       ||     1
         Volatile Blastmot |       |       |       |     8 ||     8
         Flame Wave        |       |       |       |     2 ||     2
    Use: Scroll            |     2 |     5 |     7 |       ||    14
         Potion            |       |       |     3 |     2 ||     5
   Stab: Sleeping          |     1 |       |       |       ||     1
 Armour: Robe              |     6 |     4 |     5 |       ||    15
         Troll leather arm |       |       |    27 |    49 ||    76
         Skin              |       |       |     4 |       ||     4
         Acid dragon scale |       |       |       |     2 ||     2
  Dodge: Dodged            |     8 |     4 |    21 |    27 ||    60

Table legend: (Time is in decaauts)
 A = Elapsed time spent in this place.
 B = Non-inter-level travel time spent in this place.
 C = Inter-level travel time spent in this place.
 D = Time resting spent in this place.
 E = Time spent auto-exploring this place.
 F = Levels seen in this place.
 G = Mean time per level.
                   A        B        C        D        E       F      G
               +--------+--------+--------+--------+--------+-----+--------+
         Total |  11191 |  10245 |    946 |   1216 |   7283 |  11 | 1017.4 |
       Dungeon |  11180 |  10238 |    942 |   1216 |   7283 |  10 | 1118.0 |
        Temple |     10 |      6 |      4 |      0 |      0 |   1 |   10.0 |
               +--------+--------+--------+--------+--------+-----+--------+

Top non-repeatable levels by time:
     D:3: 1568 daAuts
     D:4: 1479 daAuts
     D:5: 1406 daAuts
     D:9: 1381 daAuts
     D:7: 1116 daAuts
     D:1: 949 daAuts
     D:8: 888 daAuts
     D:2: 881 daAuts
     D:6: 875 daAuts
    D:10: 633 daAuts
  Temple: 10 daAuts
